 Dungeon Crawl Stone Soup version 0.30-b1-2-g02819fbbbe (webtiles) character file.

Game seed: 8223453232414217814

75 LLlMATKO the Chopper (level 4, -5/60 HPs)
             Began as a Minotaur Berserker on Oct 4, 2023.
             Was a Believer of Trog.
             Slain by Sigmund
             ... wielding a +0 heavy scythe
              (19 damage)
             ... on level 2 of the Dungeon.
             The game lasted 00:01:48 (2138 turns).

LLlMATKO the Chopper (Minotaur Berserker)           Turns: 2138, Time: 00:01:49

Health: -5/60      AC:  9    Str: 23    XL:     4   Next: 11%
Magic:  3/3        EV:  9    Int:  4    God:    Trog [**....]
Gold:   39         SH:  0    Dex: 10    Spells: 3/3 levels left

rFire   . . .        a - +0 hand axe
rCold   . . .        (no shield)
rNeg    . . .        g - +0 chain mail
rPois   .            (helmet restricted)
rElec   .            (no cloak)
rCorr   .            (no gloves)
SInv    .            (no boots)
Will    .....        (no amulet) Stlth
                     (no ring)
HPRegen 0.30/turn    (no ring)
MPRegen 0.08/turn

%: no passive effects
@: berserking, very quick
A: horns 2, retaliatory headbutt
a: Renounce Religion, Berserk, Trog's Hand


You were on level 2 of the Dungeon.
You worshipped Trog.
Trog was pleased with you.
You visited 1 branch of the dungeon, and saw 2 of its levels.

You collected 39 gold pieces.

Inventory:

Hand Weapons
 a - a +0 hand axe (weapon)
Armour
 g - a +0 chain mail (worn)
Scrolls
 b - 2 scrolls of identify {unknown}
 c - 2 scrolls of teleportation {unknown}
 f - a scroll of magic mapping {unknown}
Potions
 d - a potion of mutation {unknown}
 e - a potion of cancellation {unknown}
 h - a potion of attraction {unknown}
 i - a potion of curing {unknown}


   Skills:
 + Level 4.3 Fighting
 + Level 4.3 Axes
 + Level 3.4 Armour
 + Level 3.1 Dodging


You had 3 spell levels left.
You didn't know any spells.
Your spell library was empty.

Dungeon Overview and Level Annotations

Branches:
Dungeon (2/15)

Altars:
Cheibriados

Annotations:
D:2 1 runed translucent door, Crazy Yiuf, Sigmund


Innate Abilities, Weirdness & Mutations

You have a pair of horns on your head.
You reflexively headbutt those who attack you in melee.


Message History

A ball python comes into view.
The ball python hisses angrily.
You hear a shout!
Sigmund the Dreaded comes into view.
He is wielding a +0 heavy scythe.
There is an open door here.
There are monsters nearby!
There are monsters nearby!
You hit the ball python.
You kill the ball python!
Trog accepts your kill.
Sigmund points at you and mumbles some strange words.
You are confused.
You are too confused!
Sigmund is nearby!
You are too confused!
Sigmund is nearby!
You bump into the rock wall.
Sigmund casts a spell.
Sigmund flickers and vanishes!
Deactivating autopickup; reactivate with Ctrl-A.
You hear some strange, mumbled words.
A puff of flame appears from out of thin air!
The puff of flame hits you.
You barely miss something. Something hits you!
You hit something. You closely miss something. Your headbutt misses something.
You feel less confused. Something hits you!
* * * LOW HITPOINT WARNING * * *
A red film seems to cover your vision as you go berserk!
You feel yourself moving faster!
You feel mighty!
You miss something. Your headbutt misses something. You slash something!
Your headbutt misses something.
You hear some strange, mumbled words.
Something tries to affect you, but you resist.
You miss something.
You hear some strange, mumbled words.
A puff of flame appears from out of thin air!
The puff of flame hits you but does no damage.
You closely miss something. Something hits you!!
You die...

#.# #.###########.# #.##.# #.#
#.# #+## #.##.# #.# ##.# ##...##
#.##.# #.# #..### ##.....##
#.#... #.# #.##.## ##.......##
##.##..
#.###.#...####.........####...##.
...........<.'.........+.........
..###.#...####..{......####...##.
### #.##.## ##.@.....# ##.###.
#.#### ##.....## ### #. #.#
##...## #####. ##.## #+## #.....
#...# #.# #.#### ##.## #.# #.#
#.# ######.### #.# #.# #......<.#
#.# ####.#######.##.....# #.#


There were no monsters in sight!

Vanquished Creatures
  An adder (D:2)
  6 ball pythons
  6 bats
  6 endoplasms
  3 giant cockroaches
  6 goblins
  7 hobgoblins
  4 jackals (D:2)
  4 quokkas
  4 frilled lizards (D:1)
  4 kobolds
  4 rats (D:1)
55 creatures vanquished.

Vanquished Creatures (others)
  14 demonic plants (D:1)
  6 fungi (D:1)
  3 plants (D:1)
  6 withered plants (D:1)
29 creatures vanquished.

Grand Total: 84 creatures vanquished

Notes
Turn   | Place    | Note
-------+----------+-------------------------------------------
     0 | D:1      | LLlMATKO the Minotaur Berserker began the quest for the
                  | Orb.
     0 | D:1      | Reached XP level 1. HP: 19/19 MP: 0/0
   290 | D:1      | Reached XP level 2. HP: 18/27 MP: 1/1
   552 | D:1      | Found a faded altar of an unknown god.
   642 | D:1      | HP: 1/40 [frozen (2)]
   644 | D:1      | Reached XP level 3. HP: 2/33 MP: 2/2
   888 | D:1      | Reached ** piety under Trog
  1517 | D:2      | Found a snail-covered altar of Cheibriados.
  1694 | D:2      | Found a runed translucent door.
  1695 | D:2      | Noticed Crazy Yiuf
  1858 | D:2      | Reached XP level 4. HP: 40/40 MP: 3/3
  2124 | D:2      | Noticed Sigmund
  2138 | D:2      | Slain by Sigmund

Illustrated notes

Levels and vault maps discovered:
D:1:      dpeg_arrival_morbid_curiosity, layout_basic,
          shapermc_ecumenical_altar_gd
D:2:      layout_loops_corners, basic_altar, uniq_sigmund,
          uniq_crazy_yiuf_cottage

Skill      XL: |  1  2  3 |
---------------+----------+-----
Fighting       | 4 |  4.3
Axes           | 4 |  4.3
Armour         | 3 |  3.4
Dodging        | 3 |  3.1

Action                     |  1- 3 |  4- 6 || total
---------------------------+-------+-------++-------
  Melee: Hand axe          |   108 |    20 ||   128
         Headbutt          |    17 |     1 ||    18
         Punch             |     1 |       ||     1
 Invoke: Berserk           |     1 |     1 ||     2
   Stab: Sleeping          |     1 |       ||     1
 Armour: Animal skin       |     9 |       ||     9
         Chain mail        |    21 |     6 ||    27
  Dodge: Dodged            |    48 |    10 ||    58
